 Dungeon Crawl Stone Soup version 0.30-a0-1160-g6e42c06551 (webtiles) character file.

Game seed: 13142088295148251750

51 Arzdou the Digger (level 3, -2/19 HPs)
             Began as a Gargoyle Earth Elementalist on Apr 25, 2023.
             Killed from afar by Sigmund (10 damage)
             ... with a magic dart
             ... on level 2 of the Dungeon.
             The game lasted 00:01:18 (949 turns).

Arzdou the Digger (Gargoyle Earth Elementalist)      Turns: 949, Time: 00:01:19

Health: -2/19      AC:  5    Str: 11    XL:     3   Next: 81%
Magic:  2/6        EV: 12    Int: 17    God:
Gold:   75         SH:  0    Dex: 16    Spells: 5/6 levels left

rFire   . . .        h - staff of earth
rCold   . . .        (no shield)
rNeg    + . .        a - +0 robe
rPois   ∞            (no helmet)
rElec   +            (no cloak)
rCorr   .            (no gloves)
SInv    .            (no boots)
Will    .....        (no amulet)
Stlth   ++           e - +6 ring of dexterity
HPRegen 0.23/turn    (no ring)
MPRegen 0.10/turn

%: no passive effects
@: no status effects
A: sickness immunity, AC +3, negative energy resistance 1, electricity
resistance, torment resistance 1, petrification resistance
a: no special abilities


You were on level 2 of the Dungeon.
You visited 1 branch of the dungeon, and saw 2 of its levels.

You collected 75 gold pieces.

Inventory:

Armour
 a - a +0 robe (worn)
Magical Staves
 h - a staff of earth (weapon)
Jewellery
 e - a +6 ring of dexterity (left hand)
Scrolls
 c - a scroll of teleportation {unknown}
 f - a scroll of identify {unknown}
Potions
 b - a potion of magic
 d - a potion of attraction {unknown}
 g - a potion of cancellation {unknown}
 i - a potion of curing {unknown}
 j - a potion of might {unknown}


   Skills:
 + Level 1.8 Dodging
 + Level 2.6 Stealth
 + Level 2.4 Spellcasting
 + Level 0.8 Transmutations
 + Level 4.8 Earth Magic


You had 5 spell levels left.
You knew the following spells:

 Your Spells              Type           Power      Damage    Failure   Level
a - Sandblast             Erth           54%        2d13      2%          1

Your spell library contained the following spells:

 Spells                   Type           Power      Damage    Failure   Level
 Passwall                 Tmut/Erth      14%        N/A       9%          2
 Stone Arrow              Conj/Erth      30%        3d8       21%         3
 Petrify                  Tmut/Erth      17%        N/A       50%         4


Dungeon Overview and Level Annotations

Branches:
Dungeon (2/15)

Altars:
Ru

Annotations:
D:2 Sigmund


Innate Abilities, Weirdness & Mutations

You are immune to sickness and miasma.
Your stone body is resilient. (AC +3)
You are immune to poison.
You resist negative energy. (rN+)
You are resistant to electric shocks. (rElec)
You are resistant to unholy torment.
You are immune to petrification.


Message History

You see here a worm corpse.
You see here 6 stones.
You now have 75 gold pieces (gained 8).
A gnoll is nearby!
You can't see any susceptible monsters within range! (Use Z to cast anyway.)
The gnoll shouts!
You hear a shout!
You feel a surge of power!
The blast of sand hits the gnoll!
The gnoll is heavily wounded.
You feel a surge of power!
The blast of sand misses the gnoll.
The gnoll hits you from afar with a +3 spear!
You feel a surge of power!
The blast of sand hits the gnoll.
The gnoll is almost dead.
The gnoll hits you from afar with a +3 spear.
You are too injured to fight recklessly!
Casting: Sandblast (safe; 3% risk of failure)
Confirm with . or Enter, or press ? or * to list all spells.
Aiming: Sandblast (safe; 3% risk of failure)
Press: ? - help, Shift-Dir - straight line, f/p - gnoll
Aim: a gnoll, wielding a +3 spear (almost dead, 85% to hit)
You feel a surge of power!
The blast of sand hits the gnoll!
You kill the gnoll!
Sorry, you're not good enough to have a special ability.
Sigmund the Dreaded comes into view.
He is wielding a +0 scythe and wearing a +2 robe of willpower.
Things that are here:
a +3 spear; a gnoll corpse Sigmund is nearby!
Sigmund casts a spell at you. The magic dart hits you.
You are too injured to fight recklessly!
Unknown command.
Casting: Sandblast (safe; 2% risk of failure)
Confirm with . or Enter, or press ? or * to list all spells.
Aiming: Sandblast (safe; 2% risk of failure)
Press: ? - help, Shift-Dir - straight line, f - Sigmund
Aim: Sigmund, wielding a +0 scythe and wearing a +2 robe of willpower (81% to hit)
You feel a surge of power!
The blast of sand misses Sigmund.
Sigmund points at you and mumbles some strange words.
The magic dart hits you!
Ouch! That really hurt!
You die...

...#....# #
#.#....##.##
#.....)....+
###....##.## #....#
#....# #..)##
##########@#.#
#......@.....#
###.#.########.#
#...#... #.###
#.#.##### #...#.#
#.#.# #.#...# #.#.#
#.###.# #.#.# #.#
#.#
#.#.########.#.###.#
#.#.#........#..##.#


You could see Sigmund.

Vanquished Creatures
  3 gnolls (D:2)
  An adder (D:2)
  A worm (D:2)
  2 giant cockroaches (D:1)
  2 goblins
  A quokka (D:2)
  A frilled lizard (D:2)
  2 rats (D:1)
13 creatures vanquished.

Notes
Turn   | Place    | Note
-------+----------+-------------------------------------------
     0 | D:1      | Arzdou the Gargoyle Earth Elementalist began the quest for
                  | the Orb.
     0 | D:1      | Reached XP level 1. HP: 10/10 MP: 3/3
   543 | D:2      | Found a sacrificial altar of Ru.
   580 | D:2      | Reached XP level 2. HP: 15/15 MP: 3/5
   625 | D:2      | Reached skill level 4 in Earth Magic
   766 | D:2      | Reached XP level 3. HP: 19/19 MP: 4/6
   940 | D:2      | Noticed Sigmund
   949 | D:2      | Killed from afar by Sigmund

Illustrated notes

Levels and vault maps discovered:
D:1:      dreamdust_arrival_beginning_and_end, layout_rooms
D:2:      layout_basic, basic_altar, minivault_27,
          corexii_item_surrounded_by_moat, uniq_sigmund

Skill      XL: |  1  2 |
---------------+-------+-----
Earth Magic    | 4 |  4.8
Dodging        | |  1.8
Stealth        | |  2.6
Spellcasting   | |  2.4
Transmutations | |  0.8

Action                     || total
---------------------------++-------
   Cast: Sandblast         ||    26
 Armour: Robe              ||     2
  Dodge: Dodged            ||     2

Table legend: (Time is in decaauts)
 A = Elapsed time spent in this place.
 B = Non-inter-level travel time spent in this place.
 C = Inter-level travel time spent in this place.
 D = Time resting spent in this place.
 E = Time spent auto-exploring this place.
 F = Levels seen in this place.
 G = Mean time per level.
                   A        B        C        D        E       F      G
               +--------+--------+--------+--------+--------+-----+--------+
         Total |    960 |    912 |     48 |      0 |    788 |   2 |  480.0 |
       Dungeon |    960 |    912 |     48 |      0 |    788 |   2 |  480.0 |
               +--------+--------+--------+--------+--------+-----+--------+

Top non-repeatable levels by time:
     D:1: 523 daAuts
     D:2: 437 daAuts
